 Dungeon Sprint DCSS version 0.31-a0-626-g8143ab4f1d (webtiles) character file.

Game seed: 800793297043071615

256 rocky1 the Carver (level 6, 0/47 HPs)
             Began as a Djinni Gladiator on Aug 25, 2023.
             Was an Initiate of Gozag.
             Slain by a gnoll sergeant
             ... wielding a +0 spear of venom
              (12 damage)
             ... in the Dungeon (Sprint IX: "|||||||||||||||||||||||||||||").
             The game lasted 00:02:03 (265 turns).

rocky1 the Carver (Djinni Gladiator)                 Turns: 265, Time: 00:02:04

Health: 0/47       AC:  6    Str: 13    XL:     6   Next: 39%
Gold:   0          EV:  9    Int: 12    God:    Gozag SH:  0 Dex: 17

rFire   + + .        b - +2 scimitar (flame)
rCold   x . .        (no shield)
rNeg    . . .        m - +1 chain mail
rPois   ∞            c - +0 helmet
rElec   .            (no cloak)
rCorr   .            l - +0 pair of gloves
SInv    .            (boots unavailable)
Will    .....        (no amulet) Stlth
                     o - +2 ring of protection
HPRegen 0.27/turn    n - +3 ring of intelligence
MPRegen 0.00/turn

%: no teleportation, infuse magic (-1 HP)
@: corroded, flying, invisible
A: sickness immunity, fire resistance 2, cold vulnerability 1, float, innate
caster, HP casting, extra vitality 1
a: Renounce Religion, Potion Petition, Call Merchant, Bribe Branch


You were in the Dungeon.
You worshipped Gozag.
Gozag was noncommittal.
You visited 1 branch

Inventory:

Hand Weapons
 a - a +0 long sword
 b - a +2 scimitar of flaming (weapon)
Missiles
 d - 3 throwing nets (quivered)
 e - a javelin
Armour
 c - a +0 helmet (worn)
 l - a +0 pair of gloves (worn)
 m - a +1 chain mail (worn)
Jewellery
 n - a +3 ring of intelligence (right hand)
 o - a +2 ring of protection (left hand)
Wands
 k - a wand of acid (10)
Scrolls
 j - 2 scrolls of blinking
Potions
 f - 5 potions of curing
 i - a potion of berserk rage


   Skills:
 + Level 4.0 Fighting
 * Level 8.5 Long Blades
 - Level 2.7 Throwing
 + Level 2.8 Armour
 + Level 7.4 Dodging
 * Level 1.7 Spellcasting
 * Level 1.7 Conjurations
 * Level 1.7 Hexes
 * Level 1.7 Summonings
 * Level 1.7 Necromancy
 * Level 1.7 Translocations
 * Level 1.7 Transmutations
 * Level 1.7 Fire Magic
 * Level 1.7 Ice Magic
 * Level 1.7 Air Magic
 * Level 1.7 Earth Magic
 * Level 1.7 Poison Magic


You knew the following spells:

 Your Spells              Type           Power      Damage    Failure   Level
a - Freeze                Ice            20%        1d4       95%         1
b - Scorch                Fire           10%        2d5       99%         2
Your spell library was empty.

Dungeon Overview and Level Annotations

Branches:
Dungeon (1/1)

Altars:
Cheibriados
Dithmenos
Elyvilon
Fedhas
Gozag
Hepliaklqana
Makhleb
Nemelex Xobeh
Okawaru
Qazlal
Ru
Trog
Uskayaw
Wu Jian
Xom
Yredelemnul
Zin
The Shining One
Jiyva
Lugonu


Innate Abilities, Weirdness & Mutations

You are immune to sickness and miasma.
You are immune to poison.
Your flesh is very heat resistant. (rF++)
You are vulnerable to cold. (rC-)
You float through the air rather than walking.
You learn spells naturally, not from books.
Your magical power is your life essence.
You have superior vitality. (+4 MHP)


Message History

The acid dragon barely misses you.
The gnoll sergeant barely misses you. x2
The acid dragon bites you. The acid dragon misses you.
Unknown command.
You catch the helpless acid dragon completely off-guard!
You hit the acid dragon but do no damage.
The gnoll sergeant closely misses you. The acid dragon barely misses you.
The acid dragon claws you.
You hit the acid dragon. You burn the acid dragon.
The acid dragon is moderately wounded.
The acid dragon spits acid at you. The splash of acid misses you.
The acid dragon bites you. The acid dragon claws you.
You hit the acid dragon but do no damage.
The acid dragon is moderately wounded.
The troll is distracted by your dazzling golden aura.
The acid dragon barely misses you.
The acid dragon claws you but does no damage.
You catch the helpless acid dragon completely off-guard!
You hit the acid dragon but do no damage.
The acid dragon is moderately wounded.
The acid dragon spits acid at you. The splash of acid misses you.
The acid dragon spits acid at you. The splash of acid hits you!!
* * * LOW HITPOINT WARNING * * *
The acid corrodes you!
The troll shouts!
Unknown command.
You feel much better.
Unknown command.
You hit the acid dragon but do no damage.
The acid dragon is moderately wounded.
You feel yourself speed up.
The troll is no longer distracted by gold.
The acid dragon bites you! The acid dragon barely misses you.
The acid dragon bites you! The acid dragon claws you.
* * * LOW HITPOINT WARNING * * *
The gnoll sergeant hits you from afar with a +0 spear of venom!
You die...
Your body crumbles into a pile of gold. ▓▓▓▓▓▓▓▓▓▓▓▓▓▓▓▓▓▓▓▓▓▓▓▓ ..cgTgD@.[[..)?!'_______ ▓▓▓▓▓▓▓▓▓▓▓▓▓▓▓▓▓▓▓▓▓▓▓▓

You could see a troll (unable to see you), an acid dragon (unable to see you), 2 gnoll sergeants and a centaur (unable to see you).

Vanquished Creatures
  A wraith (D)
  2 hounds (D)
  An iguana (D)
  An orc wizard (D)
  A dart slug (D)
  An endoplasm (D)
  A hobgoblin (D)
  3 rats (D)
11 creatures vanquished.

Notes
Turn   | Place    | Note
-------+----------+-------------------------------------------
     0 | D        | rocky1 the Djinni Gladiator began the quest for the Orb.
     0 | D        | Reached XP level 1. HP: 18/18 MP: 0/0
     8 | D        | Reached skill level 3 in Long Blades
    20 | D        | Noticed an iguana
    20 | D        | Noticed a hound
    20 | D        | Noticed an orc wizard
    20 | D        | Noticed a hound
    34 | D        | Killed a hound
    35 | D        | Reached skill level 4 in Long Blades
    35 | D        | Reached skill level 5 in Dodging
    35 | D        | Reached XP level 2. HP: 8/24 MP: 0/0
    35 | D        | Reached XP level 3. HP: 9/29 MP: 0/0
    35 | D        | Learned a level 1 spell: Freeze
    44 | D        | Reached skill level 5 in Long Blades
    44 | D        | Reached XP level 4. HP: 27/35 MP: 0/0
    59 | D        | Reached skill level 6 in Long Blades
    59 | D        | Reached skill level 1 in Armour
    66 | D        | Reached XP level 5. HP: 16/40 MP: 0/0
    66 | D        | Learned a level 2 spell: Scorch
   161 | D        | Found a snail-covered altar of Cheibriados.
   161 | D        | Found a shadowy altar of Dithmenos.
   161 | D        | Found a white marble altar of Elyvilon.
   161 | D        | Found a blossoming altar of Fedhas.
   161 | D        | Found an opulent altar of Gozag.
   162 | D        | Found a hazy altar of Hepliaklqana.
   163 | D        | Found a viscous altar of Jiyva.
   165 | D        | Found a corrupted altar of Lugonu.
   166 | D        | Found a burning altar of Makhleb.
   167 | D        | Found a sparkling altar of Nemelex Xobeh.
   168 | D        | Found an iron altar of Okawaru.
   169 | D        | Became a worshipper of Gozag Ym Sagoz the Greedy
   170 | D        | Found a stormy altar of Qazlal.
   171 | D        | Found a sacrificial altar of Ru.
   173 | D        | Found a bloodstained altar of Trog.
   174 | D        | Found a hide-covered altar of Uskayaw.
   176 | D        | Found an ornate altar of the Wu Jian Council.
   177 | D        | Found a shimmering altar of Xom.
   178 | D        | Found a basalt altar of Yredelemnul.
   179 | D        | Found a glowing silver altar of Zin.
   180 | D        | Found a glowing golden altar of the Shining One.
   248 | D        | Noticed a centaur
   248 | D        | Noticed a troll
   248 | D        | Noticed an acid dragon
   248 | D        | Noticed a wraith
   257 | D        | Killed a wraith
   258 | D        | Reached skill level 8 in Long Blades
   258 | D        | Reached skill level 1 in Spellcasting
   258 | D        | Reached skill level 1 in Conjurations
   258 | D        | Reached skill level 1 in Hexes
   258 | D        | Reached skill level 1 in Summonings
   258 | D        | Reached skill level 1 in Necromancy
   258 | D        | Reached skill level 1 in Translocations
   258 | D        | Reached skill level 1 in Transmutations
   258 | D        | Reached skill level 1 in Fire Magic
   258 | D        | Reached skill level 1 in Ice Magic
   258 | D        | Reached skill level 1 in Air Magic
   258 | D        | Reached skill level 1 in Earth Magic
   258 | D        | Reached skill level 1 in Poison Magic
   258 | D        | Reached XP level 6. HP: 5/47 MP: 0/0
   265 | D        | Slain by a gnoll sergeant

Illustrated notes

Levels and vault maps discovered:
D:        linesprint [early_d, line_temple, items_1, d_10, items_2, lair_1,
          lair_end, items_3, orc_1, orc_end, items_4, d_15, swamp_1, shoals_1,
          snake_1, spider_1, d_20, vaults_1, items_5, swamp_end, shoals_end,
          snake_end, spider_end, vaults_end, d_27, items_6, zot_1, zot_end,
          crypt_end, forest_end, elf_end, slime_end, tomb_end, abyss_end,
          pan_hell_end]

Skill      XL: |  1  2  3  4  5 |
---------------+----------------+-----
Long Blades    | 4 5 6 8 |  8.5
Throwing       | 2 |  2.7
Dodging        | 5 6 7 |  7.4
Fighting       | 3 4 |  4.0
Armour         | 1 2 |  2.8
Spellcasting   | 1 |  1.7
Conjurations   | 1 |  1.7
Hexes          | 1 |  1.7
Summonings     | 1 |  1.7
Necromancy     | 1 |  1.7
Translocations | 1 |  1.7
Transmutations | 1 |  1.7
Fire Magic     | 1 |  1.7
Ice Magic      | 1 |  1.7
Air Magic      | 1 |  1.7
Earth Magic    | 1 |  1.7
Poison Magic   | 1 |  1.7

Action                     |  1- 3 |  4- 6 || total
---------------------------+-------+-------++-------
  Melee: Long sword        |    31 |    22 ||    53
         Scimitar          |       |    14 ||    14
    Use: Potion            |     2 |     3 ||     5
   Stab: Invisible         |       |     2 ||     2
 Armour: Leather armour    |     5 |     3 ||     8
         Chain mail        |       |     7 ||     7
  Dodge: Dodged            |    17 |    26 ||    43

Table legend: (Time is in decaauts)
 A = Elapsed time spent in this place.
 B = Non-inter-level travel time spent in this place.
 C = Inter-level travel time spent in this place.
 D = Time resting spent in this place.
 E = Time spent auto-exploring this place.
 F = Levels seen in this place.
 G = Mean time per level.
                   A        B        C        D        E       F      G
               +--------+--------+--------+--------+--------+-----+--------+
         Total |    264 |    264 |      0 |     87 |      0 |   1 |  264.0 |
       Dungeon |    264 |    264 |      0 |     87 |      0 |   1 |  264.0 |
               +--------+--------+--------+--------+--------+-----+--------+

Top non-repeatable levels by time:
       D: 264 daAuts
